[ AOE2 MATCH · #480293554 ]
Team RMBengalis vs Persians
[ REPLAY ANALYSIS · EXTRACTED FROM THE RECORDED GAME ]
Feudal
11:00
Castle
32:31
Imperial
—
| APM avg | 19.8 |
| APM peak | 54 |
| eAPM avg | 11.8 |
| Villagers / military | 73 / 41 |
Focus
⚔️ 19.6% · 🌾 80.4%
Archer ×24 · Elephant Archer ×14 · Spearman ×2 · Ratha (Ranged) ×1
Feudal
8:27
Castle
24:32
Imperial
41:15
| APM avg | 38.5 |
| APM peak | 62 |
| eAPM avg | 25.6 |
| Villagers / military | 113 / 40 |
Focus
⚔️ 32.7% · 🌾 67.3%
Teutonic Knight ×32 · Battering Ram ×7 · Mangonel ×1
Feudal
12:16
Castle
16:40
Imperial
28:58
| APM avg | 22.6 |
| APM peak | 50 |
| eAPM avg | 14.9 |
| Villagers / military | 124 / 180 |
Focus
⚔️ 31.2% · 🌾 68.8%
Scout Cavalry ×110 · Obuch ×55 · Knight ×10 · Trebuchet (Packed) ×4 · Monk ×1
Feudal
12:06
Castle
16:22
Imperial
33:19
| APM avg | 25.6 |
| APM peak | 76 |
| eAPM avg | 18.0 |
| Villagers / military | 110 / 3 |
Focus
⚔️ 26.2% · 🌾 73.8%
Unknown (1911) ×47 · Unknown (1908) ×43 · Scout Cavalry ×2 · Iron Pagoda ×1
Feudal
10:30
Castle
14:25
Imperial
33:22
| APM avg | 29.0 |
| APM peak | 72 |
| eAPM avg | 16.9 |
| Villagers / military | 97 / 117 |
Focus
⚔️ 39.9% · 🌾 60.1%
Spearman ×97 · Monk ×12 · Battering Ram ×6 · Unknown (1570) ×2 · Mangonel ×1 · Scorpion ×1
Feudal
9:13
Castle
21:03
Imperial
37:53
| APM avg | 35.8 |
| APM peak | 72 |
| eAPM avg | 19.1 |
| Villagers / military | 103 / 140 |
Focus
⚔️ 39.6% · 🌾 60.4%
Steppe Lancer ×83 · Scout Cavalry ×37 · Camel Scout ×17 · Battering Ram ×2 · Monk ×1
Feudal
11:15
Castle
15:47
Imperial
38:39
| APM avg | 29.1 |
| APM peak | 74 |
| eAPM avg | 14.4 |
| Villagers / military | 116 / 63 |
Focus
⚔️ 17.7% · 🌾 82.3%
Spearman ×37 · Knight ×14 · Flemish Militia ×8 · Trebuchet (Packed) ×2 · Mangonel ×1 · Battering Ram ×1
Feudal
11:07
Castle
14:40
Imperial
32:31
| APM avg | 24.2 |
| APM peak | 52 |
| eAPM avg | 14.4 |
| Villagers / military | 124 / 148 |
Focus
⚔️ 22.9% · 🌾 77.1%
Knight ×96 · Scout Cavalry ×50 · Trebuchet (Packed) ×2
Match map
Initial resources + every placement click. Lines = walls · curves = elevation contours. ◆ gold · ⬟ stone · ● berries · ✦ relic · ◌ wall gap
Your base· Open — 3t gap
JAGR | Rojnar's base· ✓ Closed at 24:32 · 26t walls · 5 gate(s)
GaloDoido's base· ✓ Closed at 16:40 · 0t walls · 2 gate(s)
JAGR_Soyuncacahuate's base· ✓ Closed at 16:22 · 1t walls · 2 gate(s)
nborgesfilho's base· ✓ Closed at 14:25 · 0t walls · 2 gate(s)
JAGR | GoodByeWorld's base· ✓ Closed at 21:03 · 0t walls · 2 gate(s)
LubkoLubko's base· ✓ Closed at 15:47 · 0t walls · 2 gate(s)
JAGR | Mazzei10's base· ✓ Closed at 14:40 · 0t walls · 2 gate(s)
Smoothed initial terrain · ◌ = detected wall gap · hover for details
Inputs per minute
— Don Juan el Valiente - - JAGR | Rojnar
Build order — Don Juan el Valiente
138 actions detected in the replay
| 0:08 | Build | House |
| 0:08 | Build | House |
| 0:24 | Create | Villager (Male) ×4 |
| 1:56 | Create | Villager (Male) |
| 2:24 | Build | Lumber Camp |
| 2:27 | Create | Villager (Male) |
| 2:52 | Create | Villager (Male) |
| 3:17 | Create | Villager (Male) |
| 3:32 | Create | Villager (Male) |
| 4:05 | Create | Villager (Male) |
| 4:19 | Create | Villager (Male) ×2 |
| 4:39 | Build | House |
| 4:39 | Build | House |
| 4:40 | Build | House |
| 5:24 | Create | Villager (Male) ×2 |
| 5:35 | Build | Mill |
| 5:57 | Create | Villager (Male) ×3 |
| 6:20 | Create | Villager (Male) |
| 7:48 | Research | Loom |
| 7:55 | Create | Villager (Male) |
| 7:58 | Research | Loom |
| 8:07 | Build | Mining Camp |
| 8:36 | Research | Feudal Age |
| 8:58 | Create | Villager (Male) |
| 9:46 | Build | Palisade Wall |
| 10:16 | Build | Farm |
| 10:51 | Build | Barracks |
| 11:00 | Age | Feudal Age |
| 11:07 | Build | House |
| 11:22 | Build | Watch Tower |
| 11:26 | Create | Villager (Male) |
| 11:40 | Build | Archery Range |
| 11:47 | Create | Villager (Male) |
| 12:13 | Create | Spearman |
| 12:13 | Create | Spearman |
| 12:20 | Create | Archer ×2 |
| 12:44 | Create | Villager (Male) |
| 12:44 | Create | Villager (Male) |
| 12:49 | Build | House |
| 12:55 | Research | Double-Bit Axe |
| 13:09 | Build | Mining Camp |
| 13:39 | Create | Archer ×5 |
| 14:23 | Build | Farm |
| 14:25 | Create | Villager (Male) ×5 |
| 14:48 | Create | Villager (Male) |
| 15:04 | Build | Blacksmith |
| 15:22 | Build | House |
| 15:23 | Build | House |
| 16:14 | Build | Farm |
| 16:15 | Build | Farm |
| 16:26 | Research | Fletching |
| 16:58 | Create | Archer |
| 17:26 | Build | Watch Tower |
| 17:49 | Create | Archer ×5 |
| 18:08 | Build | Farm |
| 18:28 | Create | Archer |
| 18:41 | Create | Villager (Male) ×2 |
| 19:16 | Create | Villager (Male) |
| 19:25 | Build | Farm |
| 19:39 | Build | House |
| 19:41 | Build | House |
| 19:50 | Build | Mill |
| 20:08 | Build | Market |
| 20:22 | Create | Villager (Male) |
| 20:39 | Create | Villager (Male) |
| 20:54 | Build | Market |
| 21:00 | Build | Lumber Camp |
| 21:08 | Build | Farm |
| 21:15 | Create | Villager (Male) |
| 21:15 | Create | Villager (Male) |
| 21:42 | Create | Archer ×5 |
| 22:05 | Build | Farm |
| 22:06 | Build | Farm |
| 22:07 | Build | Farm |
| 22:19 | Build | House |
| 22:26 | Research | Gold Mining |
| 23:29 | Create | Villager (Male) |
| 23:29 | Create | Villager (Male) |
| 23:29 | Create | Villager (Male) |
| 23:35 | Build | Farm |
| 23:40 | Build | Farm |
| 23:52 | Create | Archer ×5 |
| 24:06 | Build | Farm |
| 24:22 | Research | Padded Archer Armor |
| 24:38 | Build | Farm |
| 24:48 | Create | Villager (Male) |
| 24:48 | Create | Villager (Male) |
| 25:08 | Create | Villager (Male) |
| 25:24 | Build | Farm |
| 26:13 | Build | House |
| 26:14 | Build | House |
| 26:24 | Build | Mill |
| 26:45 | Create | Villager (Male) |
| 26:45 | Create | Villager (Male) |
| 27:12 | Research | Castle Age |
| 27:22 | Build | Farm |
| 27:22 | Build | Farm |
| 27:23 | Build | Farm |
| 27:58 | Build | Farm |
| 28:49 | Build | Town Center |
| 29:51 | Research | Castle Age |
| 30:16 | Create | Villager (Male) |
| 30:16 | Create | Villager (Male) |
| 30:47 | Build | House |
| 30:48 | Build | House |
| 30:54 | Build | Archery Range |
| 31:00 | Build | Stable |
| 31:19 | Build | Farm |
| 32:03 | Create | Villager (Male) |
| 32:20 | Build | Archery Range |
| 32:22 | Build | Archery Range |
| 32:28 | Build | Archery Range |
| 32:29 | Build | Archery Range |
| 32:31 | Age | Castle Age |
| 32:42 | Build | Castle |
| 32:49 | Create | Villager (Male) |
| 32:50 | Create | Villager (Male) |
| 33:20 | Create | Villager (Male) |
| 33:20 | Create | Villager (Male) |
| 33:31 | Create | Villager (Male) ×5 |
| 33:41 | Build | Farm |
| 33:42 | Build | Farm |
| 33:48 | Create | Villager (Male) ×5 |
| 33:55 | Research | Horse Collar |
| 34:10 | Create | Elephant Archer ×5 |
| 34:10 | Create | Elephant Archer ×5 |
| 35:38 | Build | Mill |
| 35:51 | Build | Town Center |
| 35:57 | Create | Villager (Male) |
| 35:57 | Create | Villager (Male) |
| 36:07 | Build | Farm |
| 36:33 | Build | Lumber Camp |
| 36:41 | Build | Farm |
| 36:52 | Create | Villager (Male) ×4 |
| 37:18 | Create | Ratha (Ranged) |
| 37:22 | Create | Elephant Archer ×2 |
| 37:23 | Create | Elephant Archer ×2 |
| 38:28 | Create | Villager (Male) ×5 |
Build order — JAGR | Rojnar
First 150 of 313 actions detected
| 0:01 | Create | Villager (Male) |
| 0:02 | Create | Villager (Male) |
| 0:03 | Build | House |
| 0:04 | Build | House |
| 0:07 | Create | Villager (Male) |
| 0:18 | Create | Villager (Male) |
| 1:38 | Create | Villager (Male) |
| 1:50 | Create | Villager (Male) |
| 1:53 | Build | Lumber Camp |
| 2:21 | Create | Villager (Male) |
| 2:21 | Create | Villager (Male) |
| 2:54 | Create | Villager (Male) |
| 3:41 | Create | Villager (Male) |
| 3:52 | Build | House |
| 4:07 | Create | Villager (Male) |
| 4:08 | Create | Villager (Male) |
| 4:14 | Create | Villager (Male) |
| 5:15 | Build | Mining Camp |
| 5:15 | Create | Villager (Male) |
| 5:25 | Research | Loom |
| 6:16 | Research | Feudal Age |
| 8:27 | Age | Feudal Age |
| 8:28 | Create | Villager (Male) |
| 8:30 | Build | Blacksmith |
| 8:33 | Build | House |
| 8:37 | Build | Watch Tower |
| 8:42 | Create | Villager (Male) |
| 9:01 | Create | Villager (Male) |
| 9:06 | Research | Fletching |
| 9:25 | Create | Villager (Male) |
| 10:09 | Create | Villager (Male) |
| 10:26 | Build | House |
| 10:41 | Create | Villager (Male) |
| 10:42 | Create | Villager (Male) |
| 11:04 | Build | Watch Tower |
| 11:11 | Create | Villager (Male) |
| 11:20 | Build | Mill |
| 11:45 | Create | Villager (Male) |
| 11:45 | Create | Villager (Male) |
| 11:54 | Build | Watch Tower |
| 12:09 | Create | Villager (Male) |
| 12:37 | Create | Villager (Male) |
| 12:37 | Create | Villager (Male) |
| 12:45 | Build | Watch Tower |
| 13:01 | Build | House |
| 13:05 | Create | Villager (Male) |
| 13:11 | Build | Farm |
| 13:11 | Create | Villager (Male) |
| 13:12 | Create | Villager (Male) |
| 13:57 | Create | Villager (Male) |
| 13:57 | Create | Villager (Male) |
| 14:01 | Build | Farm |
| 14:03 | Build | Farm |
| 14:13 | Create | Villager (Male) |
| 14:28 | Create | Villager (Male) |
| 14:32 | Build | Farm |
| 14:33 | Build | Farm |
| 14:58 | Create | Villager (Male) |
| 14:58 | Create | Villager (Male) |
| 15:16 | Build | House |
| 15:16 | Build | House |
| 15:21 | Create | Villager (Male) |
| 15:23 | Build | Farm |
| 15:42 | Create | Villager (Male) |
| 15:51 | Build | Farm |
| 16:05 | Create | Villager (Male) |
| 16:21 | Create | Villager (Male) |
| 16:25 | Build | Farm |
| 16:26 | Create | Villager (Male) |
| 16:33 | Build | Farm |
| 16:35 | Build | Farm |
| 16:45 | Create | Villager (Male) |
| 16:51 | Build | Farm |
| 16:52 | Build | Farm |
| 17:17 | Build | Farm |
| 17:38 | Create | Villager (Male) |
| 17:41 | Build | Farm |
| 17:46 | Build | Farm |
| 17:46 | Create | Villager (Male) |
| 17:57 | Build | Gate |
| 18:00 | Build | Stone Wall |
| 18:01 | Create | Villager (Male) |
| 18:18 | Create | Villager (Male) |
| 18:21 | Build | Mining Camp |
| 18:22 | Create | Villager (Male) |
| 19:03 | Build | Stone Wall |
| 19:14 | Build | Market |
| 19:33 | Research | Wheelbarrow |
| 21:22 | Build | Gate |
| 21:25 | Research | Castle Age |
| 21:29 | Research | Double-Bit Axe |
| 21:30 | Research | Horse Collar |
| 21:47 | Build | Stone Wall |
| 22:33 | Build | House |
| 22:41 | Build | Stone Wall |
| 22:49 | Create | Villager (Male) |
| 23:30 | Build | Farm |
| 23:31 | Build | Farm |
| 23:33 | Research | Gold Mining |
| 23:34 | Research | Scale Barding Armor |
| 23:34 | Research | Forging |
| 23:43 | Build | Farm |
| 23:55 | Build | Gate |
| 23:57 | Build | Stone Wall |
| 24:07 | Build | Stone Wall |
| 24:08 | Build | Stone Wall |
| 24:09 | Build | Stone Wall |
| 24:11 | Build | Stone Wall |
| 24:14 | Create | Villager (Male) |
| 24:15 | Build | Farm |
| 24:32 | Age | Castle Age |
| 24:35 | Build | Gate |
| 24:36 | Research | Bodkin Arrow |
| 24:37 | Create | Villager (Male) |
| 24:42 | Build | Stone Wall |
| 24:53 | Build | Castle |
| 25:01 | Build | House |
| 25:02 | Build | House |
| 25:15 | Research | Bow Saw |
| 25:33 | Build | Siege Workshop |
| 25:39 | Build | Stone Wall |
| 25:41 | Build | Stone Wall |
| 25:56 | Create | Villager (Male) |
| 26:08 | Create | Mangonel |
| 26:12 | Build | University |
| 26:14 | Create | Villager (Male) |
| 26:17 | Build | Farm |
| 26:20 | Create | Villager (Male) |
| 26:20 | Create | Villager (Male) |
| 26:38 | Create | Villager (Male) |
| 26:38 | Create | Villager (Male) |
| 26:54 | Build | Mining Camp |
| 27:01 | Build | Stone Wall |
| 27:03 | Build | Stone Wall |
| 27:03 | Create | Villager (Male) |
| 27:12 | Build | Lumber Camp |
| 27:14 | Build | Farm |
| 27:14 | Build | Farm |
| 27:25 | Build | Farm |
| 27:25 | Build | Farm |
| 27:26 | Create | Villager (Male) |
| 27:47 | Create | Teutonic Knight |
| 27:48 | Create | Teutonic Knight |
| 27:57 | Build | Farm |
| 27:58 | Build | Farm |
| 28:01 | Build | Farm |
| 28:02 | Build | Farm |
| 28:09 | Build | Stone Wall |
| 28:15 | Create | Villager (Male) |
| 28:21 | Create | Villager (Male) ×5 |
Build order — GaloDoido
First 150 of 350 actions detected
| 0:00 | Create | Villager (Male) |
| 0:00 | Create | Villager (Male) |
| 0:01 | Create | Villager (Male) |
| 0:04 | Build | House |
| 0:07 | Build | House |
| 0:21 | Create | Villager (Male) |
| 0:21 | Create | Villager (Male) |
| 1:35 | Create | Villager (Male) |
| 1:48 | Build | Lumber Camp |
| 1:53 | Create | Villager (Male) |
| 1:53 | Create | Villager (Male) |
| 2:20 | Create | Villager (Male) |
| 2:20 | Create | Villager (Male) |
| 2:45 | Create | Villager (Male) |
| 3:05 | Create | Villager (Male) |
| 3:27 | Create | Villager (Male) |
| 3:51 | Build | Mill |
| 4:00 | Create | Villager (Male) |
| 4:00 | Create | Villager (Male) |
| 4:32 | Create | Villager (Male) |
| 4:32 | Create | Villager (Male) |
| 4:53 | Create | Villager (Male) |
| 4:53 | Create | Villager (Male) |
| 4:53 | Create | Villager (Male) |
| 5:31 | Build | House |
| 5:56 | Create | Villager (Male) |
| 5:57 | Create | Villager (Male) |
| 6:01 | Build | House |
| 6:04 | Create | Villager (Male) |
| 6:13 | Create | Villager (Male) |
| 6:23 | Create | Villager (Male) |
| 6:29 | Build | House |
| 7:11 | Create | Villager (Male) |
| 8:10 | Create | Villager (Male) |
| 8:28 | Create | Villager (Male) |
| 8:56 | Create | Villager (Male) |
| 8:57 | Create | Villager (Male) |
| 8:59 | Research | Feudal Age |
| 9:22 | Build | Mining Camp |
| 10:32 | Create | Villager (Male) |
| 10:34 | Create | Villager (Male) |
| 10:42 | Build | House |
| 11:34 | Build | Farm |
| 11:35 | Build | Farm |
| 11:36 | Build | Farm |
| 11:37 | Build | Farm |
| 11:38 | Build | Farm |
| 11:39 | Build | Farm |
| 12:12 | Create | Villager (Male) |
| 12:16 | Age | Feudal Age |
| 12:19 | Build | Lumber Camp |
| 12:32 | Build | Blacksmith |
| 12:42 | Build | Market |
| 13:28 | Build | Farm |
| 13:35 | Create | Villager (Male) |
| 13:39 | Research | Double-Bit Axe |
| 13:54 | Research | Castle Age |
| 14:07 | Build | House |
| 14:16 | Build | House |
| 14:44 | Research | Horse Collar |
| 15:32 | Create | Villager (Male) |
| 15:32 | Create | Villager (Male) |
| 15:32 | Create | Villager (Male) |
| 16:40 | Age | Castle Age |
| 16:43 | Build | Town Center |
| 16:59 | Build | Town Center |
| 17:17 | Build | Town Center |
| 17:20 | Create | Villager (Male) |
| 17:31 | Build | Mill |
| 17:33 | Build | Farm |
| 17:34 | Build | Farm |
| 17:34 | Build | Farm |
| 17:35 | Build | Farm |
| 17:36 | Build | Farm |
| 17:43 | Research | Bow Saw |
| 17:53 | Build | Farm |
| 17:58 | Research | Heavy Plow |
| 18:25 | Create | Villager (Male) |
| 18:34 | Build | Farm |
| 18:40 | Build | House |
| 18:41 | Build | House |
| 18:47 | Create | Villager (Male) |
| 18:48 | Create | Villager (Male) |
| 18:48 | Create | Villager (Male) |
| 18:52 | Create | Villager (Male) |
| 18:52 | Create | Villager (Male) |
| 18:56 | Create | Villager (Male) |
| 19:04 | Create | Villager (Male) |
| 19:04 | Create | Villager (Male) |
| 19:22 | Create | Villager (Male) |
| 19:22 | Create | Villager (Male) |
| 19:26 | Build | Farm |
| 19:29 | Create | Villager (Male) |
| 19:29 | Create | Villager (Male) |
| 20:01 | Create | Villager (Male) |
| 20:01 | Create | Villager (Male) |
| 20:01 | Create | Villager (Male) |
| 20:11 | Build | Mill |
| 20:13 | Build | Farm |
| 20:14 | Build | Farm |
| 20:15 | Build | Farm |
| 20:15 | Build | Farm |
| 20:17 | Build | Farm |
| 20:21 | Build | Farm |
| 20:23 | Create | Villager (Male) |
| 20:23 | Create | Villager (Male) |
| 20:29 | Create | Villager (Male) |
| 20:31 | Create | Villager (Male) |
| 20:31 | Create | Villager (Male) |
| 20:41 | Create | Villager (Male) |
| 20:44 | Create | Villager (Male) |
| 20:53 | Research | Loom |
| 20:54 | Research | Wheelbarrow |
| 20:55 | Create | Villager (Male) |
| 21:20 | Build | Mill |
| 21:21 | Build | Farm |
| 21:21 | Build | Farm |
| 21:21 | Build | Farm |
| 21:21 | Build | Farm |
| 21:22 | Build | Farm |
| 21:23 | Build | Farm |
| 21:24 | Build | Farm |
| 21:31 | Create | Villager (Male) |
| 21:31 | Create | Villager (Male) |
| 21:31 | Create | Villager (Male) |
| 21:32 | Create | Villager (Male) |
| 21:32 | Create | Villager (Male) |
| 21:32 | Create | Villager (Male) |
| 21:32 | Create | Villager (Male) |
| 21:36 | Build | Farm |
| 21:37 | Create | Villager (Male) |
| 21:38 | Create | Villager (Male) |
| 21:46 | Create | Villager (Male) |
| 21:54 | Create | Villager (Male) |
| 22:09 | Build | Farm |
| 22:09 | Build | Farm |
| 22:12 | Create | Villager (Male) |
| 22:12 | Create | Villager (Male) |
| 22:16 | Create | Villager (Male) |
| 22:19 | Research | Town Watch |
| 22:43 | Create | Villager (Male) |
| 22:48 | Build | Mining Camp |
| 22:52 | Create | Villager (Male) |
| 23:10 | Build | Farm |
| 23:11 | Build | Farm |
| 23:12 | Build | Farm |
| 23:15 | Create | Villager (Male) |
| 23:15 | Create | Villager (Male) |
| 23:26 | Build | Mill |
| 23:28 | Build | Farm |
Build order — JAGR_Soyuncacahuate
First 150 of 326 actions detected
| 0:02 | Build | House |
| 0:04 | Build | House |
| 0:05 | Create | Villager (Male) |
| 0:05 | Create | Villager (Male) |
| 0:05 | Create | Villager (Male) |
| 0:05 | Create | Villager (Male) |
| 0:05 | Create | Villager (Male) |
| 1:33 | Create | Villager (Male) |
| 1:33 | Create | Villager (Male) |
| 1:33 | Create | Villager (Male) |
| 2:02 | Create | Villager (Male) |
| 2:02 | Create | Villager (Male) |
| 2:03 | Create | Villager (Male) |
| 2:32 | Build | Lumber Camp |
| 2:38 | Create | Villager (Male) |
| 2:39 | Create | Villager (Male) |
| 2:39 | Create | Villager (Male) |
| 3:01 | Create | Villager (Male) |
| 3:01 | Create | Villager (Male) |
| 3:30 | Create | Villager (Male) |
| 3:30 | Create | Villager (Male) |
| 3:30 | Create | Villager (Male) |
| 3:36 | Build | House |
| 3:37 | Build | House |
| 4:05 | Create | Villager (Male) |
| 4:06 | Create | Villager (Male) |
| 4:06 | Create | Villager (Male) |
| 4:33 | Create | Villager (Male) |
| 4:33 | Create | Villager (Male) |
| 4:33 | Create | Villager (Male) |
| 4:58 | Build | Mill |
| 5:32 | Create | Villager (Male) |
| 5:32 | Create | Villager (Male) |
| 5:33 | Create | Villager (Male) |
| 5:33 | Create | Villager (Male) |
| 6:11 | Build | House |
| 6:20 | Build | Lumber Camp |
| 6:50 | Create | Villager (Male) |
| 6:50 | Create | Villager (Male) |
| 6:50 | Create | Villager (Male) |
| 6:51 | Create | Villager (Male) |
| 6:51 | Create | Villager (Male) |
| 6:51 | Create | Villager (Male) |
| 6:51 | Create | Villager (Male) |
| 6:51 | Create | Villager (Male) |
| 9:11 | Build | Mining Camp |
| 9:27 | Research | Feudal Age |
| 9:29 | Create | Villager (Male) |
| 9:46 | Create | Villager (Male) |
| 9:51 | Build | House |
| 9:52 | Build | House |
| 11:02 | Build | Mining Camp |
| 11:19 | Research | Loom |
| 12:06 | Age | Feudal Age |
| 12:14 | Build | Market |
| 12:17 | Build | Blacksmith |
| 12:53 | Research | Double-Bit Axe |
| 13:11 | Build | Stone Wall |
| 13:42 | Research | Castle Age |
| 13:42 | Research | Castle Age |
| 14:23 | Research | Wheelbarrow |
| 14:42 | Create | Villager (Male) |
| 14:47 | Build | Farm |
| 14:52 | Build | Farm |
| 14:55 | Build | Farm |
| 14:59 | Build | Farm |
| 15:10 | Create | Villager (Male) |
| 15:15 | Build | Farm |
| 15:16 | Build | Farm |
| 15:17 | Build | Farm |
| 15:17 | Build | Farm |
| 15:18 | Build | Farm |
| 16:22 | Age | Castle Age |
| 16:27 | Build | Castle |
| 16:46 | Research | Bow Saw |
| 17:06 | Build | Monastery |
| 17:45 | Build | Farm |
| 17:45 | Build | Farm |
| 17:48 | Build | Farm |
| 17:56 | Create | Villager (Male) |
| 18:13 | Build | Stone Wall |
| 18:16 | Create | Unit 1908 |
| 18:16 | Create | Unit 1908 |
| 18:17 | Create | Unit 1908 |
| 18:17 | Create | Unit 1908 |
| 18:40 | Build | Siege Workshop |
| 18:47 | Create | Villager (Male) |
| 19:00 | Build | Mining Camp |
| 19:04 | Create | Villager (Male) |
| 19:05 | Create | Villager (Male) |
| 19:05 | Create | Villager (Male) |
| 19:42 | Create | Unit 1908 |
| 19:42 | Create | Unit 1908 |
| 19:42 | Create | Unit 1908 |
| 19:42 | Create | Unit 1908 |
| 20:00 | Build | Stone Wall |
| 20:06 | Create | Unit 1908 |
| 20:06 | Create | Unit 1908 |
| 20:06 | Create | Unit 1908 |
| 20:08 | Create | Villager (Male) |
| 20:08 | Create | Villager (Male) |
| 20:45 | Create | Iron Pagoda |
| 20:46 | Create | Villager (Male) |
| 20:46 | Create | Villager (Male) |
| 20:47 | Create | Villager (Male) |
| 20:54 | Build | Town Center |
| 21:25 | Build | Market |
| 21:31 | Build | Barracks |
| 21:39 | Build | Farm |
| 21:42 | Build | Farm |
| 21:44 | Create | Villager (Male) |
| 21:44 | Create | Villager (Male) |
| 22:22 | Create | Villager (Male) |
| 22:46 | Build | Stable |
| 23:03 | Build | Farm |
| 23:04 | Create | Villager (Male) |
| 23:04 | Create | Villager (Male) |
| 23:04 | Create | Villager (Male) |
| 23:05 | Create | Villager (Male) |
| 23:05 | Create | Villager (Male) |
| 23:05 | Create | Villager (Male) |
| 23:06 | Create | Villager (Male) |
| 23:08 | Create | Villager (Male) |
| 23:18 | Research | Horse Collar |
| 23:27 | Build | Farm |
| 23:31 | Build | Farm |
| 23:37 | Build | Farm |
| 23:40 | Create | Villager (Male) |
| 23:40 | Create | Villager (Male) |
| 23:41 | Create | Villager (Male) |
| 23:41 | Create | Villager (Male) |
| 23:42 | Create | Villager (Male) |
| 23:48 | Build | Farm |
| 24:03 | Build | Farm |
| 24:09 | Build | Farm |
| 24:19 | Build | Farm |
| 24:32 | Build | Farm |
| 24:35 | Build | Farm |
| 24:46 | Research | Scale Barding Armor |
| 24:49 | Build | Farm |
| 25:03 | Build | Farm |
| 25:11 | Build | Farm |
| 25:15 | Research | Forging |
| 25:24 | Create | Villager (Male) |
| 25:37 | Build | Farm |
| 25:44 | Research | Light Cavalry (upgrade) |
| 25:46 | Research | Bloodlines |
| 25:46 | Research | Husbandry |
| 26:01 | Build | Farm |
| 26:05 | Create | Villager (Male) |
Build order — nborgesfilho
First 150 of 329 actions detected
| 0:01 | Create | Villager (Male) |
| 0:01 | Create | Villager (Male) |
| 0:02 | Create | Villager (Male) |
| 0:03 | Build | House |
| 0:04 | Build | House |
| 1:15 | Create | Villager (Male) |
| 1:42 | Create | Villager (Male) |
| 2:02 | Build | Lumber Camp |
| 2:05 | Create | Villager (Male) |
| 2:22 | Create | Villager (Male) |
| 2:37 | Research | Loom |
| 2:43 | Create | Villager (Male) |
| 3:09 | Create | Villager (Male) |
| 3:29 | Create | Villager (Male) |
| 3:50 | Create | Villager (Male) |
| 4:23 | Build | House |
| 4:27 | Create | Villager (Male) |
| 4:57 | Build | House |
| 4:59 | Create | Villager (Male) |
| 5:28 | Build | House |
| 5:35 | Build | Mill |
| 5:36 | Create | Villager (Male) |
| 5:41 | Create | Villager (Male) |
| 6:18 | Create | Villager (Male) |
| 6:18 | Create | Villager (Male) |
| 6:45 | Create | Villager (Male) |
| 7:54 | Build | Mining Camp |
| 7:55 | Create | Villager (Male) |
| 8:15 | Build | Farm |
| 8:17 | Research | Feudal Age |
| 8:56 | Create | Villager (Male) |
| 9:46 | Create | Villager (Male) |
| 9:47 | Create | Villager (Male) |
| 10:20 | Research | Loom |
| 10:30 | Age | Feudal Age |
| 10:34 | Build | Blacksmith |
| 10:41 | Build | Market |
| 11:36 | Research | Castle Age |
| 12:14 | Create | Villager (Male) |
| 12:39 | Research | Double-Bit Axe |
| 13:58 | Build | House |
| 14:25 | Age | Castle Age |
| 14:28 | Build | Monastery |
| 14:32 | Build | Siege Workshop |
| 14:43 | Create | Villager (Male) |
| 15:01 | Create | Monk |
| 15:11 | Build | Monastery |
| 15:16 | Create | Villager (Male) |
| 15:41 | Create | Monk |
| 15:52 | Create | Villager (Male) |
| 15:58 | Create | Battering Ram |
| 16:02 | Create | Monk |
| 16:15 | Create | Villager (Male) |
| 16:24 | Build | Farm |
| 16:33 | Create | Battering Ram |
| 16:35 | Create | Villager (Male) |
| 16:45 | Build | Farm |
| 16:49 | Build | House |
| 16:56 | Research | Redemption |
| 16:56 | Research | Sanctity |
| 17:08 | Build | House |
| 17:37 | Create | Villager (Male) |
| 17:47 | Build | Farm |
| 17:50 | Create | Battering Ram |
| 18:00 | Create | Scorpion |
| 18:36 | Create | Battering Ram |
| 18:38 | Create | Villager (Male) |
| 18:43 | Build | Farm |
| 18:58 | Build | House |
| 19:00 | Research | Fervor |
| 19:17 | Create | Villager (Male) |
| 19:42 | Create | Battering Ram |
| 20:00 | Create | Monk |
| 20:00 | Create | Monk |
| 20:02 | Build | Barracks |
| 20:04 | Create | Villager (Male) |
| 20:19 | Build | Palisade Wall |
| 20:21 | Build | Palisade Wall |
| 20:23 | Build | Palisade Wall |
| 20:26 | Create | Villager (Male) |
| 20:33 | Build | Farm |
| 20:34 | Build | Farm |
| 20:42 | Create | Monk |
| 21:04 | Create | Battering Ram |
| 21:14 | Create | Monk |
| 21:17 | Create | Villager (Male) |
| 21:18 | Build | Farm |
| 21:33 | Build | Town Center |
| 21:35 | Create | Villager (Male) |
| 22:00 | Create | Villager (Male) |
| 22:12 | Create | Villager (Male) |
| 22:14 | Build | Farm |
| 22:35 | Build | Farm |
| 22:36 | Build | Farm |
| 22:37 | Build | Farm |
| 22:39 | Build | Farm |
| 22:40 | Create | Villager (Male) |
| 22:51 | Create | Villager (Male) |
| 22:51 | Create | Villager (Male) |
| 23:05 | Build | Farm |
| 23:14 | Create | Villager (Male) |
| 23:23 | Build | Farm |
| 23:53 | Build | Farm |
| 23:54 | Create | Villager (Male) |
| 24:02 | Research | Horse Collar |
| 24:07 | Create | Villager (Male) |
| 24:12 | Create | Mangonel |
| 24:36 | Create | Villager (Male) |
| 24:45 | Create | Villager (Male) |
| 25:01 | Create | Villager (Male) |
| 25:01 | Create | Villager (Male) |
| 25:07 | Create | Villager (Male) |
| 25:22 | Build | House |
| 25:24 | Build | House |
| 25:34 | Create | Villager (Male) |
| 25:38 | Build | Farm |
| 25:42 | Research | Wheelbarrow |
| 26:00 | Create | Unit 1570 |
| 26:16 | Create | Villager (Male) |
| 26:16 | Create | Villager (Male) |
| 26:20 | Build | Farm |
| 26:25 | Create | Unit 1570 |
| 26:38 | Create | Villager (Male) |
| 26:52 | Create | Villager (Male) |
| 26:59 | Build | Farm |
| 26:59 | Build | Farm |
| 26:59 | Build | Farm |
| 26:59 | Build | Farm |
| 27:00 | Build | Farm |
| 27:00 | Build | Farm |
| 27:00 | Build | Farm |
| 27:02 | Build | Farm |
| 27:13 | Build | Farm |
| 27:34 | Build | Barracks |
| 27:35 | Build | Barracks |
| 27:37 | Create | Villager (Male) |
| 27:39 | Build | Farm |
| 27:40 | Research | Heavy Plow |
| 27:44 | Build | Farm |
| 27:47 | Build | Farm |
| 27:53 | Create | Villager (Male) |
| 28:12 | Create | Villager (Male) |
| 28:12 | Create | Villager (Male) |
| 28:18 | Build | Farm |
| 28:26 | Build | Barracks |
| 28:47 | Create | Villager (Male) |
| 28:53 | Build | Lumber Camp |
| 29:02 | Create | Villager (Male) |
| 29:13 | Create | Villager (Male) |
| 29:13 | Create | Villager (Male) |
Build order — JAGR | GoodByeWorld
First 150 of 412 actions detected
| 0:01 | Create | Villager (Male) |
| 0:05 | Build | House |
| 0:07 | Build | House |
| 0:08 | Create | Villager (Male) |
| 0:08 | Create | Villager (Male) |
| 0:10 | Create | Villager (Male) |
| 0:10 | Create | Villager (Male) |
| 0:34 | Build | House |
| 1:34 | Create | Villager (Male) |
| 2:01 | Create | Villager (Male) |
| 2:24 | Build | Lumber Camp |
| 2:40 | Create | Villager (Male) |
| 2:53 | Create | Villager (Male) |
| 2:53 | Create | Villager (Male) |
| 3:40 | Create | Villager (Male) |
| 3:41 | Create | Villager (Male) |
| 4:20 | Create | Villager (Male) |
| 4:21 | Create | Villager (Male) |
| 4:25 | Create | Villager (Male) |
| 4:51 | Create | Villager (Male) |
| 4:56 | Build | Mill |
| 5:01 | Create | Villager (Male) |
| 5:01 | Create | Villager (Male) |
| 5:20 | Create | Villager (Male) |
| 5:51 | Create | Villager (Male) |
| 7:03 | Research | Feudal Age |
| 8:09 | Build | House |
| 9:08 | Create | Villager (Male) |
| 9:08 | Create | Villager (Male) |
| 9:08 | Create | Villager (Male) |
| 9:13 | Age | Feudal Age |
| 9:20 | Build | Town Center |
| 9:35 | Create | Villager (Male) |
| 9:49 | Create | Villager (Male) |
| 9:55 | Build | House |
| 9:57 | Research | Double-Bit Axe |
| 10:59 | Create | Villager (Male) |
| 11:06 | Create | Villager (Male) |
| 11:10 | Build | House |
| 11:11 | Build | House |
| 11:34 | Create | Villager (Male) |
| 11:34 | Create | Villager (Male) |
| 11:34 | Create | Villager (Male) |
| 11:38 | Build | Farm |
| 11:38 | Build | Farm |
| 11:39 | Build | Farm |
| 11:39 | Build | Farm |
| 11:39 | Build | Farm |
| 11:42 | Build | Farm |
| 12:01 | Create | Villager (Male) |
| 12:18 | Create | Villager (Male) |
| 12:24 | Research | Horse Collar |
| 12:25 | Create | Villager (Male) |
| 12:30 | Build | Farm |
| 12:32 | Build | Farm |
| 12:44 | Create | Villager (Male) |
| 12:44 | Create | Villager (Male) |
| 13:01 | Create | Villager (Male) |
| 13:03 | Build | Farm |
| 13:06 | Build | Farm |
| 13:11 | Build | Farm |
| 13:16 | Build | Farm |
| 13:18 | Create | Villager (Male) |
| 13:18 | Create | Villager (Male) |
| 13:21 | Build | House |
| 13:27 | Create | Villager (Male) |
| 13:49 | Create | Villager (Male) |
| 13:52 | Build | Farm |
| 13:52 | Build | Farm |
| 13:56 | Build | Farm |
| 14:00 | Create | Villager (Male) |
| 14:00 | Create | Villager (Male) |
| 14:19 | Build | Farm |
| 14:25 | Build | Farm |
| 14:26 | Build | Farm |
| 14:36 | Create | Villager (Male) |
| 14:36 | Create | Villager (Male) |
| 14:45 | Build | Mining Camp |
| 14:56 | Create | Villager (Male) |
| 14:56 | Create | Villager (Male) |
| 14:58 | Build | Farm |
| 15:01 | Create | Villager (Male) |
| 15:03 | Build | House |
| 15:04 | Build | House |
| 15:08 | Create | Villager (Male) |
| 15:24 | Build | Farm |
| 15:25 | Build | Farm |
| 15:31 | Build | Farm |
| 15:33 | Create | Villager (Male) |
| 15:33 | Create | Villager (Male) |
| 15:39 | Build | House |
| 15:40 | Build | House |
| 16:00 | Create | Villager (Male) |
| 16:00 | Create | Villager (Male) |
| 16:01 | Create | Villager (Male) |
| 16:19 | Build | Blacksmith |
| 16:47 | Research | Wheelbarrow |
| 16:58 | Build | Barracks |
| 17:33 | Create | Villager (Male) |
| 17:34 | Create | Villager (Male) |
| 17:38 | Build | Stable |
| 18:08 | Create | Villager (Male) |
| 18:08 | Create | Villager (Male) |
| 18:08 | Create | Villager (Male) |
| 18:16 | Research | Loom |
| 18:18 | Research | Castle Age |
| 18:19 | Research | Loom |
| 18:43 | Build | House |
| 18:47 | Build | House |
| 18:48 | Build | House |
| 18:49 | Build | House |
| 18:54 | Research | Scale Barding Armor |
| 18:55 | Research | Forging |
| 19:01 | Build | Farm |
| 19:01 | Build | Farm |
| 19:04 | Build | Farm |
| 19:05 | Build | Farm |
| 19:08 | Build | Stable |
| 19:10 | Build | Stable |
| 19:40 | Create | Villager (Male) |
| 19:40 | Create | Villager (Male) |
| 19:52 | Research | Bloodlines |
| 20:08 | Build | Farm |
| 20:08 | Build | Farm |
| 20:09 | Build | Farm |
| 20:15 | Build | Farm |
| 20:15 | Build | Farm |
| 20:16 | Build | Farm |
| 20:26 | Build | Stable |
| 20:34 | Create | Villager (Male) |
| 20:34 | Create | Villager (Male) |
| 20:36 | Create | Villager (Male) |
| 20:44 | Build | House |
| 20:46 | Build | House |
| 21:03 | Age | Castle Age |
| 21:06 | Build | House |
| 21:09 | Create | Steppe Lancer |
| 21:09 | Create | Steppe Lancer |
| 21:09 | Create | Steppe Lancer |
| 21:09 | Create | Steppe Lancer |
| 21:10 | Create | Steppe Lancer |
| 21:10 | Create | Steppe Lancer |
| 21:10 | Create | Steppe Lancer |
| 21:13 | Create | Steppe Lancer |
| 21:25 | Research | Chain Barding Armor |
| 21:32 | Build | Farm |
| 21:33 | Build | Farm |
| 21:37 | Build | Farm |
| 21:48 | Build | House |
| 21:49 | Build | House |
Build order — LubkoLubko
First 150 of 286 actions detected
| 0:01 | Create | Villager (Male) |
| 0:01 | Create | Villager (Male) |
| 0:02 | Build | House |
| 0:04 | Build | House |
| 0:14 | Create | Villager (Male) |
| 0:18 | Create | Villager (Male) |
| 1:32 | Create | Villager (Male) |
| 1:52 | Create | Villager (Male) |
| 2:02 | Build | Lumber Camp |
| 2:36 | Create | Villager (Male) |
| 3:01 | Create | Villager (Male) |
| 3:01 | Create | Villager (Male) |
| 3:08 | Build | House |
| 3:25 | Create | Villager (Male) |
| 3:25 | Create | Villager (Male) |
| 3:53 | Create | Villager (Male) |
| 3:53 | Create | Villager (Male) |
| 4:26 | Create | Villager (Male) |
| 4:30 | Create | Villager (Male) |
| 4:31 | Create | Villager (Male) |
| 4:31 | Create | Villager (Male) |
| 4:52 | Research | Double-Bit Axe |
| 5:18 | Create | Villager (Male) |
| 5:25 | Create | Villager (Male) |
| 5:28 | Create | Villager (Male) |
| 5:36 | Build | House |
| 6:27 | Create | Villager (Male) |
| 6:35 | Build | Mill |
| 6:56 | Create | Villager (Male) |
| 7:01 | Research | Wheelbarrow |
| 7:20 | Create | Villager (Male) |
| 7:32 | Build | House |
| 7:50 | Create | Villager (Male) |
| 7:50 | Create | Villager (Male) |
| 8:01 | Create | Villager (Male) |
| 8:47 | Build | Mining Camp |
| 8:55 | Research | Feudal Age |
| 9:29 | Create | Villager (Male) |
| 9:30 | Create | Villager (Male) |
| 10:15 | Build | Barracks |
| 11:15 | Age | Feudal Age |
| 11:19 | Build | Stable |
| 11:26 | Build | Blacksmith |
| 12:04 | Build | Farm |
| 12:06 | Create | Villager (Male) |
| 12:09 | Build | Farm |
| 12:13 | Build | Farm |
| 12:34 | Create | Villager (Male) |
| 12:38 | Build | Farm |
| 12:41 | Build | Farm |
| 13:07 | Research | Castle Age |
| 13:07 | Research | Castle Age |
| 13:16 | Build | Stable |
| 13:30 | Research | Bow Saw |
| 13:42 | Build | House |
| 14:00 | Research | Horse Collar |
| 14:07 | Build | House |
| 14:17 | Build | Farm |
| 14:29 | Create | Villager (Male) |
| 14:36 | Build | Farm |
| 14:48 | Create | Villager (Male) |
| 14:51 | Build | Farm |
| 14:58 | Build | Farm |
| 15:13 | Build | Farm |
| 15:15 | Research | Scale Barding Armor |
| 15:26 | Build | Farm |
| 15:47 | Age | Castle Age |
| 15:54 | Research | Cavalier (upgrade) |
| 16:12 | Create | Knight |
| 16:19 | Build | Farm |
| 16:28 | Create | Villager (Male) |
| 16:45 | Build | Siege Workshop |
| 16:49 | Research | Husbandry |
| 16:55 | Build | Farm |
| 16:59 | Build | Farm |
| 17:02 | Create | Villager (Male) |
| 17:12 | Create | Knight |
| 17:25 | Build | Farm |
| 17:29 | Create | Villager (Male) |
| 17:39 | Build | Farm |
| 17:41 | Create | Knight |
| 18:13 | Create | Knight |
| 18:31 | Create | Villager (Male) |
| 18:31 | Create | Villager (Male) |
| 18:31 | Create | Villager (Male) |
| 18:36 | Build | House |
| 18:43 | Create | Mangonel |
| 18:49 | Create | Villager (Male) |
| 18:52 | Create | Villager (Male) |
| 18:53 | Build | House |
| 19:00 | Research | Gold Mining |
| 19:25 | Create | Villager (Male) |
| 19:44 | Create | Knight |
| 19:44 | Create | Knight |
| 20:01 | Create | Villager (Male) |
| 20:02 | Create | Knight |
| 20:11 | Build | Town Center |
| 20:29 | Build | Farm |
| 20:54 | Research | Chain Barding Armor |
| 21:15 | Build | Farm |
| 21:34 | Create | Villager (Male) |
| 21:37 | Create | Battering Ram |
| 21:39 | Create | Villager (Male) |
| 21:39 | Create | Villager (Male) |
| 21:40 | Create | Villager (Male) |
| 21:46 | Build | House |
| 22:00 | Create | Villager (Male) |
| 22:08 | Build | Lumber Camp |
| 22:10 | Create | Villager (Male) |
| 22:11 | Create | Villager (Male) |
| 22:53 | Research | Forging |
| 22:54 | Create | Villager (Male) |
| 22:54 | Create | Villager (Male) |
| 23:06 | Create | Knight |
| 23:06 | Create | Knight |
| 23:40 | Create | Knight |
| 23:41 | Create | Knight |
| 23:41 | Create | Knight |
| 23:42 | Create | Villager (Male) |
| 24:20 | Create | Villager (Male) |
| 24:20 | Create | Villager (Male) |
| 24:22 | Create | Knight ×2 |
| 24:37 | Research | Squires |
| 24:40 | Create | Flemish Militia |
| 24:40 | Create | Flemish Militia |
| 24:51 | Build | Farm |
| 24:51 | Build | Farm |
| 24:51 | Build | Farm |
| 24:52 | Build | Farm |
| 24:52 | Build | Farm |
| 24:53 | Build | Farm |
| 24:53 | Build | Farm |
| 24:53 | Build | Farm |
| 24:53 | Build | Farm |
| 24:54 | Build | Farm |
| 24:54 | Build | Farm |
| 24:54 | Build | Farm |
| 25:08 | Create | Flemish Militia |
| 25:08 | Create | Flemish Militia |
| 25:09 | Create | Villager (Male) |
| 25:09 | Create | Villager (Male) |
| 25:16 | Build | Barracks |
| 25:20 | Build | Farm |
| 25:42 | Create | Villager (Male) |
| 25:42 | Create | Villager (Male) |
| 25:42 | Create | Villager (Male) |
| 25:46 | Create | Villager (Male) |
| 25:49 | Build | House |
| 25:52 | Build | House |
| 25:53 | Build | House |
Build order — JAGR | Mazzei10
First 150 of 308 actions detected
| 0:02 | Create | Villager (Male) |
| 0:02 | Create | Villager (Male) |
| 0:02 | Create | Villager (Male) |
| 0:03 | Create | Villager (Male) |
| 0:03 | Create | Villager (Male) |
| 0:04 | Build | House |
| 0:06 | Build | House |
| 2:10 | Build | Lumber Camp |
| 2:23 | Create | Villager (Male) |
| 2:23 | Create | Villager (Male) |
| 2:23 | Create | Villager (Male) |
| 2:56 | Create | Villager (Male) |
| 3:46 | Create | Villager (Male) |
| 3:46 | Create | Villager (Male) |
| 4:20 | Build | House |
| 4:24 | Build | House |
| 4:31 | Create | Villager (Male) |
| 4:39 | Build | Mill |
| 4:54 | Create | Villager (Male) |
| 5:20 | Create | Villager (Male) |
| 5:20 | Create | Villager (Male) |
| 6:17 | Create | Villager (Male) |
| 6:17 | Create | Villager (Male) |
| 6:18 | Create | Villager (Male) |
| 6:43 | Create | Villager (Male) |
| 6:43 | Create | Villager (Male) |
| 7:10 | Build | Mining Camp |
| 7:40 | Create | Villager (Male) |
| 8:10 | Research | Loom |
| 8:39 | Research | Feudal Age |
| 9:30 | Build | House |
| 10:17 | Build | House |
| 10:58 | Build | House |
| 11:03 | Build | Farm |
| 11:06 | Build | Farm |
| 11:07 | Age | Feudal Age |
| 11:08 | Build | Farm |
| 11:15 | Build | Blacksmith |
| 11:21 | Build | Market |
| 11:27 | Create | Villager (Male) |
| 11:28 | Create | Villager (Male) |
| 11:45 | Research | Double-Bit Axe |
| 12:14 | Research | Castle Age |
| 12:15 | Research | Castle Age |
| 12:15 | Research | Castle Age |
| 12:21 | Research | Double-Bit Axe |
| 12:26 | Build | Farm |
| 12:28 | Build | Farm |
| 12:31 | Build | Farm |
| 13:01 | Build | Farm |
| 13:05 | Build | Farm |
| 14:40 | Age | Castle Age |
| 14:45 | Build | Town Center |
| 14:57 | Create | Villager (Male) |
| 14:57 | Create | Villager (Male) |
| 14:58 | Create | Villager (Male) |
| 15:31 | Build | Town Center |
| 15:44 | Create | Villager (Male) |
| 16:07 | Create | Villager (Male) |
| 16:25 | Create | Villager (Male) |
| 16:38 | Create | Villager (Male) |
| 16:38 | Create | Villager (Male) |
| 17:04 | Create | Villager (Male) |
| 17:04 | Create | Villager (Male) |
| 17:08 | Create | Villager (Male) |
| 17:12 | Create | Villager (Male) |
| 17:13 | Create | Villager (Male) |
| 17:13 | Create | Villager (Male) |
| 17:19 | Build | House |
| 17:22 | Build | House |
| 17:33 | Build | Farm |
| 17:52 | Build | Farm |
| 18:01 | Build | Farm |
| 18:03 | Build | Farm |
| 18:05 | Build | Farm |
| 18:09 | Create | Villager (Male) |
| 18:09 | Create | Villager (Male) |
| 18:09 | Create | Villager (Male) |
| 18:12 | Create | Villager (Male) |
| 18:12 | Create | Villager (Male) |
| 18:13 | Create | Villager (Male) |
| 18:16 | Build | House |
| 18:20 | Build | House |
| 18:26 | Build | Farm |
| 18:34 | Build | Farm |
| 18:37 | Build | Farm |
| 18:38 | Build | Farm |
| 18:41 | Build | Farm |
| 18:51 | Create | Villager (Male) |
| 18:51 | Create | Villager (Male) |
| 18:51 | Create | Villager (Male) |
| 19:25 | Build | Barracks |
| 19:31 | Create | Villager (Male) |
| 19:32 | Create | Villager (Male) |
| 19:32 | Create | Villager (Male) |
| 19:45 | Research | Scale Barding Armor |
| 19:48 | Create | Villager (Male) |
| 19:48 | Create | Villager (Male) |
| 19:49 | Create | Villager (Male) |
| 20:00 | Create | Villager (Male) |
| 20:00 | Create | Villager (Male) |
| 20:00 | Create | Villager (Male) |
| 20:11 | Create | Villager (Male) |
| 20:17 | Build | Stable |
| 20:26 | Build | Gate |
| 20:36 | Build | Farm |
| 20:37 | Build | Farm |
| 20:39 | Build | Farm |
| 20:42 | Create | Villager (Male) |
| 20:42 | Create | Villager (Male) |
| 20:43 | Create | Villager (Male) |
| 20:59 | Create | Villager (Male) |
| 20:59 | Create | Villager (Male) |
| 20:59 | Create | Villager (Male) |
| 21:11 | Research | Bloodlines |
| 21:23 | Create | Villager (Male) |
| 21:23 | Create | Villager (Male) |
| 21:23 | Create | Villager (Male) |
| 21:34 | Build | House |
| 21:36 | Build | House |
| 21:45 | Build | Farm |
| 21:46 | Build | Farm |
| 21:49 | Build | Farm |
| 21:50 | Build | Farm |
| 21:52 | Build | Farm |
| 21:54 | Build | Farm |
| 21:57 | Create | Villager (Male) |
| 21:57 | Create | Villager (Male) |
| 21:57 | Create | Villager (Male) |
| 22:05 | Build | House |
| 22:07 | Build | House |
| 22:17 | Create | Villager (Male) |
| 22:17 | Create | Villager (Male) |
| 22:17 | Create | Villager (Male) |
| 22:26 | Build | Farm |
| 22:39 | Create | Villager (Male) |
| 22:39 | Create | Villager (Male) |
| 22:39 | Create | Villager (Male) |
| 22:55 | Build | Farm |
| 22:57 | Build | Farm |
| 22:58 | Build | Farm |
| 23:02 | Build | Farm |
| 23:06 | Build | Farm |
| 23:08 | Create | Villager (Male) |
| 23:08 | Create | Villager (Male) |
| 23:09 | Create | Villager (Male) |
| 23:18 | Build | Castle |
| 23:22 | Build | House |
| 23:26 | Build | House |
| 23:28 | Build | House |
Match timeline
| 8:27 | JAGR | Rojnar · age_up feudal |
| 9:13 | JAGR | GoodByeWorld · age_up feudal |
| 9:46 | Don Juan el Valiente · wall_segment Palisade Wall x6 |
| 10:15 | LubkoLubko · first_building Barracks |
| 10:30 | nborgesfilho · age_up feudal |
| 10:51 | Don Juan el Valiente · first_building Barracks |
| 11:00 | Don Juan el Valiente · age_up feudal |
| 11:07 | JAGR | Mazzei10 · age_up feudal |
| 11:15 | LubkoLubko · age_up feudal |
| 11:19 | LubkoLubko · first_building Stable |
| 11:40 | Don Juan el Valiente · first_building Archery Range |
| 12:06 | JAGR_Soyuncacahuate · age_up feudal |
| 12:16 | GaloDoido · age_up feudal |
| 13:11 | JAGR_Soyuncacahuate · wall_segment Stone Wall x1 |
| 13:51 | GaloDoido · first_market_sell 100 stone |
| 14:25 | nborgesfilho · age_up castle |
| 14:28 | nborgesfilho · first_building Monastery |
| 14:32 | nborgesfilho · first_building Siege Workshop |
| 14:40 | JAGR | Mazzei10 · age_up castle |
| 15:47 | LubkoLubko · age_up castle |
| 16:22 | JAGR_Soyuncacahuate · age_up castle |
| 16:27 | JAGR_Soyuncacahuate · first_building Castle |
| 16:31 | nborgesfilho · first_market_buy 100 wood |
| 16:31 | nborgesfilho · first_market_sell 100 stone |
| 16:40 | GaloDoido · age_up castle |
| 16:45 | LubkoLubko · first_building Siege Workshop |
| 16:58 | JAGR | GoodByeWorld · first_building Barracks |
| 17:06 | JAGR_Soyuncacahuate · first_building Monastery |
| 17:38 | JAGR | GoodByeWorld · first_building Stable |
| 18:00 | JAGR | Rojnar · wall_segment Stone Wall x11 |
| 18:13 | JAGR_Soyuncacahuate · wall_segment Stone Wall x1 |
| 18:40 | JAGR_Soyuncacahuate · first_building Siege Workshop |
| 19:03 | JAGR | Rojnar · wall_segment Stone Wall x1 |
| 19:25 | JAGR | Mazzei10 · first_building Barracks |
| 20:00 | JAGR_Soyuncacahuate · wall_segment Stone Wall x1 |
| 20:02 | nborgesfilho · first_building Barracks |
| 20:17 | JAGR | Mazzei10 · first_building Stable |
| 20:19 | nborgesfilho · wall_segment Palisade Wall x1 |
| 20:21 | nborgesfilho · wall_segment Palisade Wall x1 |
| 20:23 | nborgesfilho · wall_segment Palisade Wall x1 |
| 20:56 | JAGR | Mazzei10 · first_market_buy 100 food |
| 21:03 | JAGR | GoodByeWorld · age_up castle |
| 21:31 | JAGR_Soyuncacahuate · first_building Barracks |
| 21:47 | JAGR | Rojnar · wall_segment Stone Wall x8 |
| 22:41 | JAGR | Rojnar · wall_segment Stone Wall x1 |
| 22:46 | JAGR_Soyuncacahuate · first_building Stable |
| 23:18 | JAGR | Mazzei10 · first_building Castle |
| 23:52 | GaloDoido · first_building Castle |
| 23:57 | JAGR | Rojnar · wall_segment Stone Wall x2 |
| 24:07 | JAGR | Rojnar · wall_segment Stone Wall x1 |
| 24:08 | JAGR | Rojnar · wall_segment Stone Wall x1 |
| 24:09 | JAGR | Rojnar · wall_segment Stone Wall x1 |
| 24:11 | JAGR | Rojnar · wall_segment Stone Wall x1 |
| 24:29 | GaloDoido · first_building Barracks |
| 24:32 | JAGR | Rojnar · age_up castle |
| 24:42 | JAGR | Rojnar · wall_segment Stone Wall x1 |
| 24:51 | JAGR | Rojnar · first_market_buy 100 stone |
| 24:53 | JAGR | Rojnar · first_building Castle |
| 25:00 | Don Juan el Valiente · first_market_sell 100 stone |
| 25:04 | Don Juan el Valiente · first_market_buy 100 food |
| 25:33 | JAGR | Rojnar · first_building Siege Workshop |
| 25:39 | JAGR | Rojnar · wall_segment Stone Wall x1 |
| 25:41 | JAGR | Rojnar · wall_segment Stone Wall x1 |
| 25:45 | GaloDoido · first_building Monastery |
| 25:49 | JAGR | GoodByeWorld · first_building Siege Workshop |
| 26:27 | GaloDoido · first_building Stable |
| 27:01 | JAGR | Rojnar · wall_segment Stone Wall x5 |
| 27:03 | JAGR | Rojnar · wall_segment Stone Wall x9 |
| 28:09 | JAGR | Rojnar · wall_segment Stone Wall x8 |
| 28:58 | GaloDoido · age_up imperial |
| 29:12 | JAGR | Rojnar · wall_segment Stone Wall x1 |
| 29:45 | JAGR | GoodByeWorld · first_building Monastery |
| 30:14 | JAGR | Rojnar · first_building Barracks |
| 30:25 | LubkoLubko · tribute_sent a jugador 1 |
| 30:25 | LubkoLubko · tribute_sent a jugador 2 |
| 30:25 | LubkoLubko · tribute_sent a jugador 3 |
| 30:25 | LubkoLubko · tribute_sent a jugador 4 |
| 30:25 | LubkoLubko · tribute_sent a jugador 5 |
| 30:25 | LubkoLubko · tribute_sent a jugador 6 |
| 30:25 | LubkoLubko · tribute_sent a jugador 8 |
| 30:33 | JAGR | Rojnar · wall_segment Stone Wall x5 |
| 31:00 | Don Juan el Valiente · first_building Stable |
| 31:39 | LubkoLubko · first_building Castle |
| 32:31 | JAGR | Mazzei10 · age_up imperial |
| 32:31 | Don Juan el Valiente · age_up castle |
| 32:42 | Don Juan el Valiente · first_building Castle |
| 33:17 | JAGR | Mazzei10 · first_building Monastery |
| 33:19 | JAGR_Soyuncacahuate · age_up imperial |
| 33:22 | nborgesfilho · age_up imperial |
| 34:39 | JAGR | Mazzei10 · first_market_sell 100 wood |
| 34:42 | JAGR_Soyuncacahuate · first_market_sell 100 wood |
| 34:46 | LubkoLubko · first_market_sell 500 wood |
| 35:06 | LubkoLubko · first_market_buy 100 food |
| 35:28 | JAGR_Soyuncacahuate · wall_segment Stone Wall x10 |
| 35:38 | JAGR_Soyuncacahuate · first_building Archery Range |
| 37:28 | JAGR | GoodByeWorld · first_building Castle |
| 37:53 | JAGR | GoodByeWorld · age_up imperial |
| 38:29 | nborgesfilho · first_building Archery Range |
| 38:39 | LubkoLubko · age_up imperial |
| 39:37 | Don Juan el Valiente · resign |
| 41:15 | JAGR | Rojnar · age_up imperial |
[ AI ANALYSIS · 1 CREDIT ]
What really happened in this match?
Wolo.gg analyzes every decision: build order, eco, micro, common mistakes by bracket. Personalized analysis on WhatsApp or Discord in 30 seconds.
Civ guide
Bengalis
Map guide
Arena
Perfil
Jugador #84684